[Event "Senior Men Russian Championship 2022_1L"]
[Site "Olginka, Russia"]
[Date "2022.09.29"]
[Round "6.8"]
[White "Birjukov, Sergey"]
[Black "Subbotin, Andrey"]
[Result "1/2-1/2"]
[TimeControl "90min/40moves+30min/end+30sec increment per move starting from move 1"]
[WhiteTitle "FM"]
[BlackFideId "4196210"]
[WhiteElo "1867"]
[BlackElo "1775"]

1. Nf3 f5 2. b3 d6 3. d4 Nf6 4. Bb2 g6 5. c4 Bg7 6. Qc2 O-O 7. Nbd2 Nc6 8. a3 e6 9. e3 Qe7 10.
Be2 e5 11. d5 Nd8 12. O-O 1/2-1/2

[Event "Senior Men Russian Championship 2022_1L"]
[Site "Olginka, Russia"]
[Date "2022.09.30"]
[Round "7.1"]
[White "Rodin, Mihail"]
[Black "Kovalev, Evgeny"]
[Result "0-1"]
[TimeControl "90min/40moves+30min/end+30sec increment per move starting from move 1"]
[WhiteFideId "4113160"]
[WhiteElo "2320"]
[BlackElo "2048"]

1. e4 c6 2. d4 d5 3. e5 c5 4. dxc5 Nc6 5. a3 e6 6. b4 Nxe5 7. Bb2 Nc6 8. Nf3 Nf6 9. Bd3 Be7 10.
O-O O-O 11. Nbd2 a5 12. Qb1 axb4 13. axb4 Rxa1 14. Bxa1 Qc7 15. c4 dxc4 16. Nxc4 h6 17. Qb2 Rd8 18. Bb1 Qf4 19. Qb3 b5 20.
cxb6 Nxb4 21. Be5 Qg4 22. Bc7 Rf8 23. Nd6 Ba6 24. h3 Qh5 25. Qxb4 Bxf1 26. Kxf1 Nd5 27. Qa5 Ne3+ 28. fxe3 Qxa5 29.
Nc4 Qc5 30. Bd3 f6 31. Nd4 Qd5 32.
Nd2 Qa2 33. N4f3 Qb2 34. Bc4 Kf7 35. Ke2 Bc5 36. Bb3 Qc3 37. Nd4 Bxd4 38. exd4 Qxd4 39. b7 Qb4 0-1

[Event "Senior Men Russian Championship 2022_1L"]
[Site "Olginka, Russia"]
[Date "2022.09.30"]
[Round "7.2"]
[White "Kurdakov, Yuri"]
[Black "Kremenietsky, Anatoly M."]
[Result "1/2-1/2"]
[TimeControl "90min/40moves+30min/end+30sec increment per move starting from move 1"]
[WhiteTitle "FM"]
[BlackTitle "IM"]
[WhiteFideId "4120493"]
[BlackFideId "4103467"]
[WhiteElo "2085"]
[BlackElo "2241"]

1. c4 e6 2. Nc3 d5 3. d4 Nf6 4. Bg5 Be7 5. Nf3 O-O 6. e3 b6 7. cxd5 exd5 8. Be2 Be6 9. O-O h6 10. Bh4 c5 11. Rc1 Nbd7 1/2-1/2

[Event "Senior Men Russian Championship 2022_1L"]
[Site "Olginka, Russia"]
[Date "2022.09.30"]
[Round "7.3"]
[White "Murzin, Lenar"]
[Black "Piankov, Evgenij"]
[Result "1-0"]
[TimeControl "90min/40moves+30min/end+30sec increment per move starting from move 1"]
[WhiteTitle "IM"]
[BlackTitle "IM"]
[WhiteFideId "4116461"]
[BlackFideId "14100525"]
[WhiteElo "2000"]
[BlackElo "2165"]

1. d4 d5 2. c4 c6 3. cxd5 cxd5 4. Bf4 Nc6 5. e3 e6 6. Nc3 Bd6 7. Bxd6 Qxd6 8. f4 Nf6 9. Bd3 a6 10.
Nf3 b5 11. O-O Bb7 12. Ne5 Ne7 13. Rc1 O-O 14. Qf3 Rac8 15. a3 b4 16. axb4 Qxb4 17. Rc2 Rc7 18. Rfc1 Rfc8 19. Qe2 a5 20.
h3 Ne4 21. Kh2 f5 22. Nb5 Rxc2 23. Rxc2 Ba6 24. Rxc8+ Nxc8 25. Qc2 Qe7 26. Bxe4 fxe4 27. Qc6 Bxb5 28. Qxb5 Nd6 29. Qxa5 g5 30.
fxg5 Nf5 31. Qc5 Qxg5 32. Qc8+ Kg7 33. Qc7+ Qe7 34. Qxe7+ Nxe7 35. g4 Nc8 36. Kg3 h6 37. Kf4 Kf6 38.
h4 Nd6 39. b3 Nb5 40. g5+ hxg5+ 41. hxg5+ Kg7 42. b4 Nd6 43. Nc6 1-0

[Event "Senior Men Russian Championship 2022_1L"]
[Site "Olginka, Russia"]
[Date "2022.09.30"]
[Round "7.6"]
[White "Rakov, Anatoly"]
[Black "Dmitriev, Igor"]
[Result "0-1"]
[TimeControl "90min/40moves+30min/end+30sec increment per move starting from move 1"]
[BlackTitle "IM"]
[WhiteFideId "4178793"]
[BlackFideId "4114833"]
[WhiteElo "1877"]
[BlackElo "2174"]

1. d4 a6 2. a4 d5 3. Bf4 Bg4 4. h3 Bh5 5. c3 Nc6 6. Nd2 e6 7. Ngf3 Bd6 8. e3 Bxf4 9. exf4 Qd6 10.
g4 Bg6 11. Ne5 Nge7 12. Qf3 f6 13. Nxg6 Nxg6 14. f5 Nf4 15. fxe6 O-O 16. O-O-O Rfe8 17. Re1 Nd8 18. e7 Nde6 19.
h4 Rxe7 20. Bd3 b5 21. Bc2 Rae8 22. Re3 b4 23. Nb3 bxc3 24. Rxc3 Qb4 25. Re3 Nxd4 26. Nxd4 Qxd4 27. Rxe7 Rxe7 28.
g5 Re2 29. Qb3 Qb6 30. Qxb6 cxb6 31. gxf6 gxf6 32. Rh2 h6 33. Kd1 a5 34. b3 Kf7 35. Bd3 Re5 36. Bb5 Ke6 37. Kd2 Kd6 38.
Rh1 Ne6 39. Kc3 Rf5 40. Rf1 Rf3+ 41. Kd2 Nd4 42. Be8 Nxb3+ 43. Ke2 Nd4+ 44. Kd2 Rf4 45. h5 Nb3+ 46. Kc2 Nc5 47. f3 d4 48. Rb1 Kc7 49. Rd1 d3+ 50. Kd2 Rxf3 51.
Bg6 f5 52. Rc1 Kd6 53. Bf7 Ne4+ 0-1

[Event "Senior Men Russian Championship 2022_1L"]
[Site "Olginka, Russia"]
[Date "2022.09.30"]
[Round "7.7"]
[White "Birjukov, Sergey"]
[Black "Bebchuk, Boris"]
[Result "1-0"]
[TimeControl "90min/40moves+30min/end+30sec increment per move starting from move 1"]
[WhiteTitle "FM"]
[WhiteElo "1867"]
[BlackElo "2089"]

1. d4 Nf6 2. Nf3 e6 3. Bg5 b6 4. e3 Bb7 5.
Nbd2 Be7 6. c3 d5 7. Bd3 Nbd7 8. O-O O-O 9. a4 c5 10. Qe2 a6 11. Rfd1 c4 12. Bc2 b5 13. h3 b4 14. cxb4 Bxb4 15. e4 dxe4 16. Nxe4 Rc8 17. Ne5 Be7 18. Nxd7 Nxd7 19. Bf4 Nf6 20. Nc5 Qd5 21. Nxb7 Qxb7 22. Rac1 Rfd8 23. Be5 Qb4 24. Rd2 Rd5 25. Bd3 Qxa4 26. Rxc4 Rxc4 27. Bxc4 Ra5 28. Bc7 Rf5 29. Bxe6 Rg5 30. f4 Rxg2+ 31. Qxg2 fxe6 32. Be5 Qc4 33. Rc2 Qd3 34. Rc7 Kf7 35. Rxe7+ Kxe7 36. Qxg7+ Ke8 37. Bxf6 Qe3+ 38. Kg2 Qe2+ 39. Kg3 Qe3+ 40. Kg4 h5+ 41. Kg5 Qg3+ 42. Kh6 Qxf4+ 43. Kh7 Qd6 44. Kg8 a5 45. Qf7# 1-0

[Event "Senior Men Russian Championship 2022_1L"]
[Site "Olginka, Russia"]
[Date "2022.09.30"]
[Round "7.8"]
[White "Sluzhilov, Aleksandr"]
[Black "Kiriushin, Vladimir"]
[Result "1-0"]
[TimeControl "90min/40moves+30min/end+30sec increment per move starting from move 1"]
[WhiteFideId "24152501"]
[BlackFideId "4150848"]
[WhiteElo "1795"]
[BlackElo "1954"]

1. Nf3 d5 2. e3 Nf6 3. b3 Bg4 4. Bb2 Nbd7 5. Be2 e6 6. c4 c6 7. h3 Bh5 8. d4 Bb4+ 9. Bc3 Be7 10.
Nbd2 Bg6 11. O-O Qc7 12. Ne5 Nxe5 13. dxe5 Nd7 14. cxd5 cxd5 15. Rc1 Qd8 16. Nf3 Ba3 17. Ra1 Rc8 18.
Qe1 O-O 19. Bb4 Bxb4 20. Qxb4 Rc2 21. Nd4 Rc8 22. f4 Nc5 23. Rac1 b6 24. Qa3 a5 25. Qb2 f6 26. Rxc5 bxc5 27.
Nxe6 Qe7 28. Nxf8 Rxf8 29. f5 Be8 30. e6 Qd6 31. Qc3 g6 32. fxg6 Bxg6 33. Rxf6 d4 34. Rxf8+ Kxf8 35. exd4 cxd4 36.
Qc8+ Ke7 37. Bd1 d3 38. Qd7+ Qxd7 39. exd7 Kxd7 40. Kf2 Kd6 41. Ke3 Kc5 42. a3 h6 43. g4 Bh7 44. h4 Bg6 45.
g5 hxg5 46. hxg5 Bf5 47. Kf4 Bg6 48. Ke5 d2 49. Kf6 Be4 50. g6 Kd4 51. g7 Bd5 52. Ke7 Kc3 53. Kf8 Kb2 54. b4 a4 55.
b5 Kxa3 56. b6 Kb4 57. g8=Q Bxg8 58. Kxg8 a3 59. b7 a2 60. b8=Q+ 1-0

[Event "Senior Men Russian Championship 2022_1L"]
[Site "Olginka, Russia"]
[Date "2022.10.01"]
[Round "8.1"]
[White "Kurdakov, Yuri"]
[Black "Rodin, Mihail"]
[Result "1/2-1/2"]
[TimeControl "90min/40moves+30min/end+30sec increment per move starting from move 1"]
[WhiteTitle "FM"]
[WhiteFideId "4120493"]
[BlackFideId "4113160"]
[WhiteElo "2085"]
[BlackElo "2320"]

1. c4 e6 2. Nf3 d5 3. e3 Nf6 4. b3 Bd6 5. Bb2 O-O 6. Be2 c6 7. O-O Nbd7 8. Nc3 Qe7 9. d4 a6 10.
a4 Rd8 11. Qc1 e5 12. dxe5 Nxe5 13. cxd5 cxd5 14. Ba3 Bg4 15. Bxd6 Qxd6 16. Nd4 Rac8 17. Qb2 Bxe2 18. Ncxe2 Nfg4 19.
Ng3 g6 1/2-1/2

[Event "Senior Men Russian Championship 2022_1L"]
[Site "Olginka, Russia"]
[Date "2022.10.01"]
[Round "8.2"]
[White "Kovalev, Evgeny"]
[Black "Murzin, Lenar"]
[Result "0-1"]
[TimeControl "90min/40moves+30min/end+30sec increment per move starting from move 1"]
[BlackTitle "IM"]
[BlackFideId "4116461"]
[WhiteElo "2048"]
[BlackElo "2000"]

1. d4 Nf6 2. Nf3 e6 3. g3 d5 4. Bg2 Be7 5. c4 O-O 6. O-O dxc4 7. Qc2 a6 8. a4 Bd7 9. Bg5 Bc6 10.
Nbd2 b5 11. b3 cxb3 12. Nxb3 Be4 13. Qc1 Bd5 14. Bxf6 Bxf6 15. Nc5 Nc6 16. axb5 axb5 17. Rxa8 Qxa8 18. e4 Bc4 19. Nd7 Bxf1 20.
Bxf1 Rd8 21. Nxf6+ gxf6 22. e5 Nxe5 23. Nxe5 fxe5 24. Bg2 e4 25. Qg5+ Kf8 26. Qc5+ Rd6 27. Qxc7 Qa1+ 28. Bf1 Qxd4 29.
Qb8+ Rd8 30. Qxb5 e3 31. Qe2 exf2+ 32. Kg2 Qd5+ 33. Kh3 Qf5+ 34. Kg2 Rd4 35. Qb2 Qd5+ 36. Kh3 e5 37. Qa3+ Kg7 38.
Qe3 h6 39. Qe2 Qe6+ 40. Kg2 Qf5 41. h3 Qe4+ 42. Qxe4 Rxe4 43. Kxf2 Rb4 0-1

[Event "Senior Men Russian Championship 2022_1L"]
[Site "Olginka, Russia"]
[Date "2022.10.01"]
[Round "8.3"]
[White "Kremenietsky, Anatoly M."]
[Black "Birjukov, Sergey"]
[Result "1/2-1/2"]
[TimeControl "90min/40moves+30min/end+30sec increment per move starting from move 1"]
[WhiteTitle "IM"]
[BlackTitle "FM"]
[WhiteFideId "4103467"]
[WhiteElo "2241"]
[BlackElo "1867"]

1. d4 d5 2. c4 c6 3. Nc3 Nf6 4. cxd5 cxd5 5. Nf3 Nc6 6. Bf4 e6 7. e3 a6 8. Bd3 Be7 9. O-O O-O 10.
Ne5 Bd7 11. Qe2 Rc8 12. Rfc1 1/2-1/2

[Event "Senior Men Russian Championship 2022_1L"]
[Site "Olginka, Russia"]
[Date "2022.10.01"]
[Round "8.4"]
[White "Chudinovskikh, Alexander M"]
[Black "Pak, Kil En"]
[Result "1-0"]
[TimeControl "90min/40moves+30min/end+30sec increment per move starting from move 1"]
[WhiteTitle "IM"]
[WhiteFideId "4106083"]
[BlackFideId "4131959"]
[WhiteElo "2074"]
[BlackElo "2207"]

1. e4 c5 2. Nf3 d6 3. Bb5+ Nd7 4. d4 cxd4 5. Nxd4 Ngf6 6. O-O a6 7. Bd3 e6 8. c4 Be7 9. Nc3 O-O 10.
Qe2 Qc7 11. f4 b6 12. Bd2 Bb7 13. Rae1 Rac8 14. Kh1 Qc5 15. Nf3 Qh5 16. Qf2 Rfe8 17. h3 d5 18. cxd5 exd5 19. exd5 Nc5 20.
Bb1 Nxd5 21. Re5 Qh6 22. Nxd5 1-0

[Event "Senior Men Russian Championship 2022_1L"]
[Site "Olginka, Russia"]
[Date "2022.10.01"]
[Round "8.5"]
[White "Dmitriev, Igor"]
[Black "Kolomensky, Vladimir"]
[Result "1-0"]
[TimeControl "90min/40moves+30min/end+30sec increment per move starting from move 1"]
[WhiteTitle "IM"]
[BlackTitle "FM"]
[WhiteFideId "4114833"]
[BlackFideId "4123565"]
[WhiteElo "2174"]
[BlackElo "2055"]

1. c4 Nf6 2. Nc3 e6 3. e4 d5 4. e5 d4 5. exf6 dxc3 6. bxc3 Qxf6 7. d4 c5 8. Nf3 cxd4 9. cxd4 Bb4+ 10.
Bd2 Bxd2+ 11. Qxd2 Nc6 12. Be2 O-O 13. Qe3 Rd8 14. Rd1 b6 15. O-O Bb7 16. Rd2 Rd7 17. Rfd1 Rad8 18. Bd3 h6 19.
h3 Kf8 20. Be4 Na5 21. Ne5 Rc7 22. Bxb7 Rxb7 23. Qe4 Rc7 24. d5 exd5 25. cxd5 Re7 26. f4 g6 27. d6 Re6 28. Qb4 h5 29.
Qc3 Nb7 30. Qc7 Qxf4 31. Rf2 1-0

[Event "Senior Men Russian Championship 2022_1L"]
[Site "Olginka, Russia"]
[Date "2022.10.01"]
[Round "8.6"]
[White "Kaitukov, Arsen"]
[Black "Piankov, Evgenij"]
[Result "0-1"]
[TimeControl "90min/40moves+30min/end+30sec increment per move starting from move 1"]
[BlackTitle "IM"]
[WhiteFideId "34263756"]
[BlackFideId "14100525"]
[WhiteElo "1809"]
[BlackElo "2165"]

1. e4 c6 2. d4 d5 3. Nc3 g6 4. Be3 Bg7 5. exd5 cxd5 6. Bb5+ Nc6 7. Nge2 Nf6 8. f3 O-O 9. Qd2 a6 10.
Ba4 Na5 11. Bh6 Nc4 12. Qc1 Bxh6 13. Qxh6 Nxb2 14. Bb3 b5 15. h4 Nc4 16. h5 Qd6 17. hxg6 fxg6 18. Nf4 Rf7 19. Nce2 Rg7 20.
a4 Bb7 21. axb5 axb5 22. Kf2 Rxa1 23. Rxa1 g5 24. Rh1 gxf4 25. Nxf4 e5 26. dxe5 Nxe5 27. Kf1 Nc4 28. Rh3 Ne3+ 29.
Kg1 Nf5 30. Nxd5 Bxd5 31. Bxd5+ Nxd5 32. Qc1 Nf4 33. Kf2 0-1

[Event "Senior Men Russian Championship 2022_1L"]
[Site "Olginka, Russia"]
[Date "2022.10.01"]
[Round "8.8"]
[White "Bebchuk, Boris"]
[Black "Sluzhilov, Aleksandr"]
[Result "1-0"]
[TimeControl "90min/40moves+30min/end+30sec increment per move starting from move 1"]
[BlackFideId "24152501"]
[WhiteElo "2089"]
[BlackElo "1795"]

1. d4 Nf6 2. c4 e6 3. Nc3 d5 4. cxd5 exd5 5. Bg5 c6 6. e3 h6 7. Bh4 Be7 8. Bd3 Nbd7 9. Qc2 O-O 10.
O-O-O Re8 11. f3 Bb4 12. e4 Bxc3 13. bxc3 dxe4 14. fxe4 Qa5 15. Ne2 b5 16. Kb1 c5 17. e5 Nd5 18.
Qd2 cxd4 19. cxd4 Qxd2 20. Rxd2 a6 21. g4 N7b6 22. g5 hxg5 23. Bxg5 Be6 24. Rg1 Kf8 25. h4 Rac8 26. Ng3 Nc4 27.
Rf2 Na3+ 28. Ka1 Rc3 29. Bf5 Bxf5 30. Nxf5 Re6 31. Bd2 Rc2 32. Nxg7 Rec6 33. Nf5 a5 34. Nd6 Rc7 35. Rgf1 Kg8 36.
Ne4 Nc4 37. Bg5 Rxf2 38. Rxf2 Nce3 39. Nc5 Kh7 40. Bd8 Ra7 41. Rf3 Kg6 42. Rg3+ Kh7 43. Ne4 Nf5 44. Rd3 Ra8 45. Bg5 Kg6 46.
Kb2 Rc8 47. Nc3 Nxc3 48. Rxc3 Re8 49. Rc6+ Kh5 50. Kc3 Nxh4 51. Bxh4 Kxh4 52. Ra6 Rc8+ 53. Kd3 Kg5 54. Rxa5 Rb8 55.
Ke4 b4 56. Kd5 b3 57. axb3 Rxb3 58. Ra1 Rb6 59. Rg1 Kh6 60. Re1 Kg7 61. e6 fxe6+ 62. Rxe6 Rb4 63. Kc5 Ra4 64. d5 Kf7 65.
Re2 Ra5+ 66. Kc6 Ra6+ 67. Kb5 Ra1 68. d6 Rd1 69. Kc6 Rc1+ 70. Kd7 Rc3 71. Rf2 Kg7 72. Ke7 Re3+ 73. Kd8 Rc3 74.
d7 Rc1 75. Rf3 Rc2 76. Rf4 Rc1 77. Ke7 Re1+ 78. Kd6 Rd1+ 79. Ke6 1-0

[Event "Senior Men Russian Championship 2022_1L"]
[Site "Olginka, Russia"]
[Date "2022.10.02"]
[Round "9.3"]
[White "Piankov, Evgenij"]
[Black "Dmitriev, Igor"]
[Result "1-0"]
[TimeControl "90min/40moves+30min/end+30sec increment per move starting from move 1"]
[WhiteTitle "IM"]
[BlackTitle "IM"]
[WhiteFideId "14100525"]
[BlackFideId "4114833"]
[WhiteElo "2165"]
[BlackElo "2174"]

1. d4 a6 2. g3 d5 3. Bg2 Nc6 4. Nf3 Bg4 5. O-O e6 6. b3 Nf6 7. Bb2 Be7 8. c4 O-O 9. Ne5 Bf5 10.
cxd5 exd5 11. Nxc6 bxc6 12. Nc3 Re8 13. e3 Bd6 14. Rc1 Qd7 15. Qd2 h5 16. Ne2 a5 17. Nc3 h4 18. Na4 Ne4 19.
Qe2 hxg3 20. hxg3 Bh3 21. Nc5 Bxc5 22. dxc5 Qf5 23. Rfd1 Bxg2 24. Kxg2 a4 25. b4 Ng5 26. Qh5 f6 27.
Rd4 a3 28. Bc3 Qh7 29. Qxh7+ Kxh7 30. Rd3 Reb8 31. f3 Kg6 32. Bd2 Nf7 33. Rd4 Ne5 34. Bc3 Nc4 35. e4 Re8 36. Re1 Rad8 37.
Kf2 Rh8 38. Kg2 Rh5 39. Rh1 Ne3+ 40. Kg1 Rxh1+ 41. Kxh1 Rh8+ 42. Kg1 dxe4 43. Rxe4 Nd5 44. Bd2 Kf7 45. Rd4 Rb8 46. Kf2 f5 47.
Ke2 Ke6 48. Kd3 Rh8 49. Rh4 Rxh4 50. gxh4 Ke5 51. Kc4 g6 52. Bc1 Ne7 53. Kd3 Nd5 54. Kc4 Ne7 55. Bxa3 Kf4 56. Bc1 Kxf3 57.
Bg5 Nc8 58. Kd4 Kg4 59. Ke5 f4 60. Bxf4 Kxh4 61. Ke6 g5 62. Bxc7 g4 63. a4 g3 64. Kd7 Na7 65. Bxg3+ Kxg3 66.
Kc7 1-0

[Event "Senior Men Russian Championship 2022_1L"]
[Site "Olginka, Russia"]
[Date "2022.10.02"]
[Round "9.6"]
[White "Pak, Kil En"]
[Black "Bebchuk, Boris"]
[Result "1-0"]
[TimeControl "90min/40moves+30min/end+30sec increment per move starting from move 1"]
[WhiteFideId "4131959"]
[WhiteElo "2207"]
[BlackElo "2089"]

1. e4 c5 2. Nf3 d6 3. d4 cxd4 4. Nxd4 Nf6 5. Nc3 a6 6. f3 e6 7. Be3 Qc7 8. Qd2 Bd7 9. g4 h6 10.
O-O-O Nc6 11. h4 O-O-O 12. Rg1 g6 13. Nb3 Ne5 14. Qf2 Nc4 15. Bxc4 Qxc4 16. Bb6 d5 17. Na5 Qb4 18. a3 Qe7 19.
g5 hxg5 20. hxg5 Nh7 21. exd5 Bg7 22.
d6 Qe8 23. Qc5+ Bc6 24. Bxd8 Bxc3 25. bxc3 Kxd8 26. Qb6+ 1-0

[Event "Senior Men Russian Championship 2022_1L"]
[Site "Olginka, Russia"]
[Date "2022.10.02"]
[Round "9.8"]
[White "Sluzhilov, Aleksandr"]
[Black "Nelyubin, Sergey"]
[Result "1-0"]
[TimeControl "90min/40moves+30min/end+30sec increment per move starting from move 1"]
[WhiteFideId "24152501"]
[BlackFideId "14110490"]
[WhiteElo "1795"]
[BlackElo "1987"]

1. Nf3 Nf6 2. e3 g6 3. b3 Bg7 4.
Bb2 O-O 5. d4 d6 6. Nbd2 Bf5 7. Be2 a5 8. O-O Ne4 9. Nxe4 Bxe4 10. Ng5 Bc6 11. f4 h6 12. Nf3 Bd7 13. e4 e6 14.
Qe1 c5 15. c3 a4 16. Rb1 axb3 17. axb3 Ra2 18. b4 cxb4 19. Bc4 Ra4 20. Bb3 Ra8 21. cxb4 Qb6 22. Bc3 Bb5 23. Rf2 Rc8 24.
f5 exf5 25. exf5 Re8 26. Qd2 g5 27. Nxg5 hxg5 28. Qxg5 Kh7 29. f6 1-0